 Dungeon Crawl Stone Soup version 0.17-a0-2127-g1cb09f6 (webtiles) character file.

112 admarant the Skirmisher (level 4, -2/41 HPs)
             Began as a Minotaur Berserker on Oct 22, 2015.
             Was a Priest of Trog.
             Slain by an ogre
             ... wielding a +0 giant club
              (7 damage)
             ... on level 4 of the Dungeon.
             The game lasted 00:05:12 (2635 turns).

admarant the Skirmisher (Minotaur Berserker)        Turns: 2635, Time: 00:05:12

Health: -2/41      AC:  6    Str: 22    XL:     4   Next: 63%
Magic:  3/3        EV: 11    Int:  4    God:    Trog [***...]
Gold:   189        SH:  3    Dex: 10    Spells: 0 memorised, 3 levels left

rFire  + + .     SeeInvis .     a - +0 spear
rCold  . . .     Clarity  .     o - +1 ring mail {rF+}
rNeg   . . .     SustAt   .     g - +0 buckler
rPois  .         Gourm    .     (helmet restricted)
rElec  .         Spirit   .     (no cloak)
rCorr  .         Warding  .     (no gloves)
rMut   .         Stasis   .     (no boots)
MR     .....                    (no amulet)
Stlth  +.........               u - ring of fire
                                n - ring of protection from cold

@: not resistant to hostile enchantments, very unstealthy
A: retaliatory headbutt, horns 2
a: Berserk, Trog's Hand, Burn Spellbooks, Renounce Religion


You were on level 4 of the Dungeon.
You worshipped Trog.
Trog was most pleased with you.
You were not hungry.

You visited 1 branch of the dungeon, and saw 4 of its levels.

You collected 189 gold pieces.

Inventory:

Hand Weapons
 a - a +0 spear (weapon)
Armour
 b - a +0 animal skin
 g - a +0 buckler (worn)
 o - a +1 ring mail of fire resistance (worn)
Jewellery
 n - a ring of protection from cold (left hand)
 u - a ring of fire (right hand)
Scrolls
 f - a scroll of recharging {unknown}
 j - a scroll of amnesia {unknown}
 l - a scroll of enchant weapon {unknown}
 m - a scroll of remove curse {unknown}
 q - a scroll of magic mapping {unknown}
 r - a scroll of identify {unknown}
 s - a scroll of fog {unknown}
Potions
 d - a potion of invisibility {unknown}
 e - 3 potions of curing {unknown}
 i - a potion of ambrosia {unknown}
 k - a potion of brilliance {unknown}
 p - a potion of lignification {unknown}
Comestibles
 c - 3 bread rations
 h - 4 meat rations
 t - a slice of pizza
 v - 9 chunks of flesh
 w - 4 fruits


   Skills:
 + Level 4.7 Fighting
 + Level 4.3 Polearms
 + Level 3.3 Armour
 + Level 3.2 Dodging
 + Level 0.5 Stealth
 + Level 0.5 Shields


You had 3 spell levels left.
You didn't know any spells.

Dungeon Overview and Level Annotations

Branches:
Dungeon (4/15)
 Temple: D:4-7

Altars:


Innate Abilities, Weirdness & Mutations

You reflexively headbutt those who attack you in melee.
You have a pair of horns on your head.


Message History

You start resting.
An orc comes into view. It is wielding a club.
The orc shouts!
Things that are here:
a falchion; a flail; an orc skeleton
Found a stone staircase leading up.
You barely miss the orc. You headbutt the orc.
You kill the orc!
Trog accepts your kill.
Things that are here:
a club; a leather armour There isn't anything to butcher here.
The ogre is too close now for your liking.
The ogre hits you with a giant club!!
* * * LOW HITPOINT WARNING * * *
You hit the ogre but do no damage. You hit the ogre. You headbutt the ogre.
The ogre is moderately wounded.
The ogre hits you with a giant club!
You die...

...$...<.......
####........... #
#.............. ..
............... ##.
........###....
.... ........# ..O.
##.....##.>.###.
###
...<..##..##.....
......O@.....##.#
.###..##.####..
###.....#... #
........#.# ..#
.#.####.).### ....
#..
#.......###....<
.......##))).......
.......##..#.......
...#...#..<........


You could see an ogre.

Vanquished Creatures
  An orc priest (D:4)
  2 oozes
  A worm (D:2)
  2 giant geckos
  11 orcs
  3 giant cockroaches
  7 goblins
  8 hobgoblins
  A quokka (D:3)
  6 bats
  A giant newt (D:3)
  5 kobolds (D:2)
  9 rats
57 creatures vanquished.

Notes
Turn   | Place    | Note
--------------------------------------------------------------
     0 | D:1      | admarant the Minotaur Berserker began the quest for the Orb.
     0 | D:1      | Reached XP level 1. HP: 19/19 MP: 0/0
   203 | D:1      | Reached XP level 2. HP: 9/27 MP: 1/1
   504 | D:1      | Reached skill level 4 in Fighting
  1060 | D:2      | Reached ** piety under Trog
  1121 | D:2      | Reached XP level 3. HP: 28/33 MP: 2/2
  1607 | D:2      | You fall through a shaft!
  2185 | D:4      | Noticed an ogre
  2235 | D:3      | Reached XP level 4. HP: 34/41 MP: 3/3
  2573 | D:4      | Reached *** piety under Trog
  2635 | D:4      | Slain by an ogre

Vault maps used:
D:1:      lemuel_arrival_muddy, minmay_misc_feat_rows
D:2:      st_stairs_12
D:3:      minmay_door_path
D:4:      fedhas_altar_1

Action                   |  1- 3 |  4- 6 || total
-------------------------+-------+-------++-------
Melee: Spear             |   112 |    24 ||   136
  Eat: Chunk             |     4 |     1 ||     5
